AoeStats
← Electriuz

Arena

506027935Analyzed
2v2 RM · 21d ago on Sep 12, 2026· 44m 34s· 4 players
Game mode
Random Map
Map size
Medium (4 player)
Population
200
Speed
Normal
Resources
Standard
Victory
Conquest
Starting age
Dark Age
Ending age
Imperial Age
RankedLock teamsTeams togetherTeam positionsShared explorationLock speedFull tech treeHidden civsTurbo modeCheats
Victory
Defeat
🇺🇸 Vikings · United States
732
+13
🇺🇸 Khmer · United States
730
+13
🇦🇷 Bohemians · Argentina
749
-26
🇦🇷 Slavs · Argentina
585
-10
Electriuz
14:48 Feudal Age
15:56 Horse Collar
16:04 Double-Bit Axe
25:53 Castle Age
24:51 Scale Mail Armor
25:03 Forging
28:56 Husbandry
29:06 Scale Barding Armor
31:56 Herbal Medicine
32:29 Gold Mining
32:29 Stone Mining
34:20 Chain Barding Armor
34:16 Chain Mail Armor
35:10 Squires
34:31 Pikeman
35:38 Man-at-Arms
36:26 Elite Skirmisher
40:45 Imperial Age
41:47 Elite Boyar
42:51 Conscription
43:48 Plate Barding Armor
43:48 Iron Casting
43:57 Detinets
Magnus
10:23 Feudal Age
14:19 Forging
14:11 Scale Mail Armor
14:01 Double-Bit Axe
16:01 Fletching
21:34 Castle Age
20:34 Loom
21:25 Wheelbarrow
20:37 Town Watch
20:45 Horse Collar
22:04 Pikeman
24:16 Squires
24:55 Bodkin Arrow
31:54 Man-at-Arms
33:19 Iron Casting
37:36 Bow Saw
37:02 Long Swordsman
37:49 Heavy Plow
41:59 Ballistics
42:43 Chemistry
WhoShotYa703
10:51 Feudal Age
11:37 Double-Bit Axe
11:39 Horse Collar
12:59 Loom
15:29 Bloodlines
19:56 Castle Age
19:38 Scale Barding Armor
21:50 Husbandry
22:57 Forging
23:09 Heavy Plow
25:05 Bow Saw
26:01 Fletching
33:53 Imperial Age
32:31 Gold Mining
35:46 Iron Casting
37:29 Conscription
41:38 Chemistry
40:59 Ballistics
43:17 Double Crossbow
ctiuvribco97
12:57 Feudal Age
13:15 Loom
17:34 Castle Age
16:23 Horse Collar
16:33 Double-Bit Axe
20:24 Murder Holes
21:43 Arson
22:48 Scale Mail Armor
26:04 Chieftains
31:32 Pikeman
34:56 Imperial Age
34:09 Bow Saw
34:37 Forging
34:43 Chain Mail Armor
37:40 Conscription
45:18 Iron Casting
Connection lost

Rejoining the realm…

Still unreachable

The connection could not be restored.

Session expired

The server has moved on; the page needs a fresh start.